 Dungeon Sprint DCSS version 0.19-a0-1401-g902f63d (webtiles) character file.

1178 Leszczynek the Bludgeoner (level 8, 0/79 HPs)
             Began as an Ogre Hunter on Sept 4, 2016.
             Was an Initiate of Hepliaklqana.
             Slain by a deep troll (7 damage)
             ... in the Dungeon (Sprint I: "Red Sonja").
             The game lasted 00:03:17 (379 turns).

Leszczynek the Bludgeoner (Ogre Hunter)              Turns: 379, Time: 00:03:17

Health: 0/79       AC:  3    Str: 18    XL:     8   Next: 41%
Magic:  8/8        EV: 10    Int: 10    God:    Hepliaklqana [......]
Gold:   151        SH:  0    Dex: 12    Spells: 0 memorised, 7 levels left

rFire  . . .     SeeInvis .     a - +0 giant spiked club
rCold  . . .     Gourm    .     s - +0 robe
rNeg   + . .     Faith    .     (shield currently unavailable)
rPois  .         Spirit   .     (helmet restricted)
rElec  .         Dismiss  .     (no cloak)
rCorr  .         Reflect  .     (gloves unavailable)
MR     .....     Harm     .     (boots unavailable)
Stlth  +......... NoTele   +    (no amulet)
                                (no ring)
                                p - ring of positive energy

@: no status effects
A: unfitting armour, tough skin 1
a: Recall Ancestor, Ancestor Identity, Renounce Religion


You were in the Dungeon.
You worshipped Hepliaklqana.
Hepliaklqana was noncommittal.
You were not hungry.

You visited 1 branch You collected 418 gold pieces.
You spent 267 gold pieces at shops.

Inventory:

Hand Weapons
 a - a +0 giant spiked club (weapon)
 b - a +0 blowgun
 m - a +0 short sword
Missiles
 d - 2 throwing nets (quivered)
 t - 5 curare-tipped needles
Armour
 s - a +0 robe (worn)
Jewellery
 p - a ring of positive energy (left hand)
Scrolls
 k - a scroll of blinking
 n - a scroll of remove curse {unknown}
 q - a scroll of random uselessness {unknown}
 r - a scroll of identify {unknown}
Potions
 e - a potion of curing
 g - 2 potions of heal wounds
 h - a potion of haste
 i - 2 potions of magic
 j - a potion of berserk rage
 o - a potion of invisibility {unknown}
Comestibles
 f - a bread ration
 l - 5 chunks of flesh


   Skills:
 - Level 8.1 Fighting
 - Level 16.0 Maces & Flails
 - Level 11.5 Throwing
 + Level 1.7 Dodging
 - Level 0.7 Stealth


You had 7 spell levels left.
You didn't know any spells.

Dungeon Overview and Level Annotations

Branches:
Dungeon (1/1)

Altars:
Cheibriados
Dithmenos
Elyvilon
Fedhas
Gozag
Hepliaklqana
Kikubaaqudgha
Makhleb
Nemelex Xobeh
Okawaru
Qazlal
Ru
Sif Muna
Trog
Uskayaw
Vehumet
Xom
Yredelemnul
Zin
The Shining One
Jiyva
Lugonu

Shops:
D [*


Innate Abilities, Weirdness & Mutations

You are too large for most types of armour.
You have tough skin. (AC +1)


Message History

Throwing (i - inventory. (,) - cycle):
c - 2 large rocks (quivered)
Press: ? - help, Shift-Dir - straight line, f/p - deep troll
Aim: a deep troll (almost dead, slow, poisoned)
You throw a large rock.
The large rock closely misses the deep troll.
The deep troll is no longer moving slowly.
Throwing (i - inventory. (,) - cycle):
c - a large rock (quivered)
Press: ? - help, Shift-Dir - straight line, f/p - deep troll
Aim: a deep troll (almost dead, poisoned)
You throw a large rock.
The large rock completely misses the deep troll.
You see here a rapier.
There is an open door here.
There is an open door here.
Things that are here:
a scythe; a robe; the human corpse of Sigmund The deep troll bites you.
* * * LOW HITPOINT WARNING * * *
The deep troll claws you!
You die...

###################
#<.#..'..#..'..#__#
#..').#..@T.#..'..+
#..#####'#####'#__#
#..####..#...#)####
#..#__####..##.#
#..#_____##'#..+
#⌠⌠#_.∩...÷..._#
####_..__##_.#'#
#_____###(#(#
############.####+###


You could see a deep troll.

Vanquished Creatures
  Sonja (D)
  A slime creature (D)
  Sigmund (D)
  A yak (D)
  An ogre (D)
  A jelly (D)
  Ijyb (D)
7 creatures vanquished.

Vanquished Creatures (others)
  An ancestor (D)
1 creature vanquished.

Grand Total: 8 creatures vanquished

Notes
Turn   | Place    | Note
-------+----------+-------------------------------------------
     0 | D        | Leszczynek the Ogre Hunter began the quest for the Orb.
     0 | D        | Reached XP level 1. HP: 22/22 MP: 1/1
     1 | D        | Noticed Ijyb
    14 | D        | Killed Ijyb
    14 | D        | Reached skill level 8 in Fighting
    14 | D        | Reached XP level 2. HP: 22/41 MP: 2/2
    14 | D        | Reached XP level 3. HP: 26/48 MP: 3/3
   150 | D        | Noticed an ogre
   152 | D        | Killed an ogre
   152 | D        | Reached skill level 8 in Throwing
   152 | D        | Reached XP level 4. HP: 57/57 MP: 4/4
   167 | D        | Noticed Sigmund
   171 | D        | Killed Sigmund
   171 | D        | Reached skill level 11 in Throwing
   171 | D        | Reached XP level 5. HP: 56/63 MP: 5/5
   171 | D        | Reached XP level 6. HP: 64/72 MP: 6/6
   190 | D        | Found a deep blue altar of Sif Muna.
   195 | D        | Reached skill level 3 in Maces & Flails
   196 | D        | Found a radiant altar of Vehumet.
   205 | D        | Found Ope Runu's Assorted Antiques.
   205 | D        | Found an ancient bone altar of Kikubaaqudgha.
   205 | D        | Found a hazy altar of Hepliaklqana.
   205 | D        | Found a stormy altar of Qazlal.
   205 | D        | Found a hide-covered altar of Uskayaw.
   205 | D        | Found a blossoming altar of Fedhas.
   205 | D        | Found a bloodstained altar of Trog.
   205 | D        | Found an iron altar of Okawaru.
   205 | D        | Found a basalt altar of Yredelemnul.
   205 | D        | Found a glowing golden altar of the Shining One.
   205 | D        | Found a snail-covered altar of Cheibriados.
   205 | D        | Found a sacrificial altar of Ru.
   205 | D        | Found a glowing silver altar of Zin.
   205 | D        | Found a shadowy altar of Dithmenos.
   205 | D        | Found a white marble altar of Elyvilon.
   205 | D        | Noticed a yak
   211 | D        | Killed a yak
   211 | D        | Reached skill level 9 in Maces & Flails
   211 | D        | Reached XP level 7. HP: 69/80 MP: 7/7
   212 | D        | Found an opulent altar of Gozag.
   216 | D        | Found a sparkling altar of Nemelex Xobeh.
   258 | D        | Bought a scroll labeled TUUNEU MIUHA for 30 gold pieces
   258 | D        | Bought a fizzy ruby potion for 27 gold pieces
   258 | D        | Bought a glowing copper ring for 150 gold pieces
   258 | D        | Bought a scroll labeled PUPROM OVVAQIEQ for 30 gold pieces
   258 | D        | Bought a scroll labeled OPNITA NEIH for 30 gold pieces
   277 | D        | Became a worshipper of Hepliaklqana
   287 | D        | Found a burning altar of Makhleb.
   287 | D        | Found a viscous altar of Jiyva.
   287 | D        | Found a shimmering altar of Xom.
   287 | D        | Found a corrupted altar of Lugonu.
   287 | D        | Noticed a slime creature
   291 | D        | Killed a slime creature
   291 | D        | Reached skill level 11 in Maces & Flails
   306 | D        | Noticed Sonja
   307 | D        | Killed Sonja
   307 | D        | Reached skill level 16 in Maces & Flails
   307 | D        | Reached XP level 8. HP: 79/79 MP: 8/8
   333 | D        | Found Xiquvall's Armour Boutique.
   353 | D        | Noticed a deep troll
   362 | D        | HP: 6/79 [deep troll (16)]
   379 | D        | HP: 7/79 [deep troll (3)]
   379 | D        | Slain by a deep troll

Vault maps used:
D:        dungeon_sprint_1

Skill      XL: |  1  2  3  4  5  6  7 |
---------------+----------------------+-----
Fighting       | 8 |  8.1
Throwing       | 8 11 | 11.5
Maces & Flails | 9 16 | 16.0
Dodging        | |  1.7
Stealth        | |  0.7

Action                   |  1- 3 |  4- 6 |  7- 9 || total
-------------------------+-------+-------+-------++-------
Melee: Giant spiked club |       |     2 |     3 ||     5
 Fire: Blowgun           |       |       |     2 ||     2
Throw: Large rock        |     9 |    10 |     6 ||    25
Armor: Robe              |     4 |     1 |       ||     5
Dodge: Dodged            |     2 |     5 |       ||     7
